 Dungeon Crawl Stone Soup version 0.23.0 (webtiles) character file.

Game seed: 18164278137191347645

70 KitRougard the Chiller (level 4, -3/33 (34) HPs)
             Began as a Ghoul Ice Elementalist on Feb 14, 2019.
             Slain by an adder (4 damage)
             ... on level 2 of the Dungeon on Feb 15, 2019.
             The game lasted 00:20:45 (1314 turns).

KitRougard the Chiller (Ghoul Ice Elementalist)     Turns: 1314, Time: 00:20:45

HP:   -3/33 (34)    AC:  9    Str: 11    XL:     4   Next: 22%
MP:   6/6           EV:  5    Int: 11    God:
Gold: 74            SH:  0    Dex: 12    Spells: 4/7 levels left

rFire    x . .     SeeInvis .   e - +0 dagger
rCold    + + .     Gourm    .   (no shield)
rNeg     + + +     Faith    .   k - +0 chain mail
rPois    ∞         Spirit   .   b - +0 helmet
rElec    .         Reflect  .   (no cloak)
rCorr    .         Harm     .   (no gloves)
MR       .....                  (no boots)
Stlth    ..........             (no amulet)
HPRegen  0.00/turn              g - +3 ring of dexterity
MPRegen  0.10/turn              i - ring of ice

@: rotting
A: rotting body, claws 1, carnivore, cold resistance 1, negative energy
resistance 3, inhibited regeneration, torment resistance, unbreathing
a: no special abilities


You were on level 2 of the Dungeon.
You were not hungry.

You visited 1 branch of the dungeon, and saw 2 of its levels.

You collected 74 gold pieces.

Inventory:

Hand Weapons
 e - a +0 dagger (weapon)
Missiles
 j - 15 stones (quivered)
Armour
 a - a +0 robe
 b - a +0 helmet (worn)
 d - a +1 robe
 k - a +0 chain mail (worn)
Jewellery
 g - a +3 ring of dexterity (left claw)
 i - a ring of ice (right claw)
 m - an uncursed ring of stealth {unknown}
Potions
 n - a potion of ambrosia {unknown}
Comestibles
 c - 3 rations
 f - a chunk of flesh


   Skills:
 + Level 0.6 Fighting
 + Level 0.3 Short Blades
 + Level 0.3 Armour
 + Level 2.1 Dodging
 + Level 2.6 Stealth
 + Level 0.3 Unarmed Combat
 + Level 2.3 Spellcasting
 + Level 1.0 Conjurations
 + Level 4.0 Ice Magic


You had 4 spell levels left.
You knew the following spells:

 Your Spells              Type           Power        Failure   Level  Hunger
a - Freeze                Ice            ###.         98%         1    ##.....
b - Throw Frost           Conj/Ice       ##....       100%        2    ###....

Your spell library contained the following spells:

 Spells                   Type           Power        Failure   Level  Hunger
 Ozocubu's Armour         Chrm/Ice       #.......     100%        3    ####...
 Summon Ice Beast         Ice/Summ       #.......     100%        4    #####..
 Throw Icicle             Conj/Ice       ##......     100%        4    #####..


Dungeon Overview and Level Annotations

Branches:
Dungeon (2/15)

Altars:

Annotations:
D:2 Jessica


Innate Abilities, Weirdness & Mutations

Your body is rotting away.
You thrive on raw meat.
You are immune to poison.
You have sharp fingernails.
You are carnivorous and can eat meat at any time.
Your flesh is cold resistant. (rC+)
You are immune to negative energy. (rN+++)
You do not regenerate when monsters are visible.
You are immune to unholy pain and torment.
You can survive without breathing.


Message History

Jessica mumbles some strange words.
Jessica blinks!
There is a stone staircase leading down here.
Jessica hits you but does no damage.
There is a stone staircase leading up here.
A kobold comes into view.
The kobold shouts!
The kobold throws a stone.
The stone hits you but does no damage.
You see here a stone.
Jessica looks very angry.
The adder bites you but does no damage.
The kobold throws a stone.
The stone hits you but does no damage. Jessica hits you but does no damage.
The adder bites you but does no damage. x2
The adder bites you but does no damage.
Jessica gestures wildly while chanting.
Jessica blinks!
The adder bites you but does no damage.
A hobgoblin comes into view. It is wielding a +0 club.
The hobgoblin shouts!
The adder bites you.
You die...

## ##.. #......
###.##.. #......#
.###......#
..........# #.
#....S.#
.K###....S.##.##.#
..#.....##@......#
#.#....g##g......#
#.#.....##.##..#.#
#.#...g@##.##..#
##.#.....##.#.. #
##......####.#.#
####..(..### #....
#......<.# ###.#
#.##.....##### #.#
########


You could see 2 adders and a hobgoblin.

Vanquished Creatures
  Terence (D:2)
  A gnoll (D:1)
  A dart slug (D:1)
  3 leopard geckos (D:1)
  A bat (D:1)
  3 giant cockroaches
  6 goblins (D:1)
  2 hobgoblins (D:1)
  2 jackals (D:1)
  2 frilled lizards (D:1)
  2 kobolds (D:1)
  3 rats (D:1)
27 creatures vanquished.

Notes
Turn   | Place    | Note
-------+----------+-------------------------------------------
     0 | D:1      | KitRougard the Ghoul Ice Elementalist began the quest for
                  | the Orb.
     0 | D:1      | Reached XP level 1. HP: 14/14 MP: 2/2
    88 | D:1      | Reached XP level 2. HP: 15/19 MP: 0/3
   281 | D:1      | Learned a level 2 spell: Throw Frost
   420 | D:1      | Reached XP level 3. HP: 23/26 MP: 2/5
   618 | D:1      | Reached skill level 4 in Ice Magic
  1074 | D:2      | Noticed Terence
  1216 | D:2      | HP: 1/25 [gnoll/+0 spear (5)]
  1220 | D:2      | Killed Terence
  1220 | D:2      | Reached skill level 1 in Conjurations
  1220 | D:2      | Reached XP level 4. HP: 2/33 MP: 6/6
  1282 | D:2      | Noticed Jessica
  1287 | D:2      | HP: 1/33 [gnoll/+0 club (1)]
  1314 | D:2      | Slain by an adder

Skill      XL: |  1  2  3 |
---------------+----------+-----
Spellcasting   | 2 |  2.3
Dodging        | 2 |  2.1
Ice Magic      | 4 |  4.0
Conjurations   | 1 |  1.0
Fighting       | |  0.6
Short Blades   | |  0.3
Armour         | |  0.3
Stealth        | |  2.6
Unarmed Combat | |  0.3

Action                   |  1- 3 |  4- 6 || total
-------------------------+-------+-------++-------
Melee: Unarmed           |    46 |       ||    46
       Dagger            |    87 |       ||    87
 Cast: Freeze            |    18 |       ||    18
       Throw Frost       |    10 |       ||    10
  Use: Scroll            |     3 |       ||     3
       Potion            |     1 |       ||     1
  Eat: Chunk             |     7 |       ||     7
Armor: Robe              |    15 |       ||    15
       Chain mail        |    23 |    25 ||    48
Dodge: Dodged            |    75 |     6 ||    81
